 Dungeon Crawl Stone Soup version 0.20.1-1-g8b1a95d (webtiles) character file.

117466 poirepourri the Unseen (level 16, 0/80 HPs)
             Began as a Spriggan Enchanter on July 18, 2017.
             Was a High Priest of Dithmenos.
             Slain by a redback (13 damage)
             ... on level 1 of the Spider Nest.
             The game lasted 01:19:52 (35573 turns).

poirepourri the Unseen (Spriggan Enchanter)        Turns: 35573, Time: 01:19:53

Health: 0/80       AC: -4    Str:  4    XL:     16   Next: 23%
Magic:  5/38       EV: 28    Int: 24    God:    Dithmenos [*****.]
Gold:   1375       SH:  0    Dex: 29    Spells: 21/49 levels left

rFire    + . .     SeeInvis +   a - +2 rapier "Nuyrabal" {drain, *Slow Int+8}
rCold    + . .     Gourm    .   (shield restricted)
rNeg     . . .     Faith    .   H - +3 troll leather armour
rPois    +         Spirit   .   (helmet restricted)
rElec    .         Reflect  .   D - scarf {rC+ rF+}
rCorr    .         Harm     .   (gloves unavailable)
MR       ++...                  (boots unavailable)
Stlth    ++++++++++             p - amulet of regeneration
Regen    1.1/turn               C - ring of poison resistance
MPRegen  0.3/turn               q - +5 ring of dexterity

@: corroded, very slightly contaminated, wreathed by umbra, invisible, very
quick
A: unfitting armour, see invisible, herbivore 3, speed 3, slow metabolism 2
a: Shadow Step, Shadow Form, Renounce Religion


You were on level 1 of the Spider Nest.
You worshipped Dithmenos.
Dithmenos was extremely pleased with you.
You were hungry.

You visited 5 branches of the dungeon, and saw 26 of its levels.
You also visited: Sewer and Ice Cave.

You collected 1702 gold pieces.
You spent 327 gold pieces at shops.

Inventory:

Hand Weapons
 a - the +2 rapier "Nuyrabal" (weapon) {drain, *Slow Int+8}
   (You found it on level 6 of the Lair of Beasts)

   A truly terrible weapon, it drains the life of those it strikes.
   It affects your intelligence (+8).
   It may slow you when you take damage.
 b - the +1 shortbow of Hiozys {speed, rElec rF+ rC+ Stlth+}
   (You found it on level 3 of the Lair of Beasts)

   Attacks with this weapon are significantly faster.
   It protects you from fire.
   It protects you from cold.
   It insulates you from electricity.
   It makes you more stealthy.
 g - a +4 dagger of venom
 S - a cursed +0 blowgun
Missiles
 w - 267 arrows
 U - 56 poisoned needles
Armour
 D - a scarf of resistance (worn)
 H - a +3 troll leather armour (worn)
Jewellery
 h - an uncursed ring of flight
 p - an amulet of regeneration (around neck)
 q - a +5 ring of dexterity (right hand)
 r - an uncursed ring of protection from cold
 y - a +2 ring of intelligence
 C - a ring of poison resistance (left hand)
 G - an uncursed ring of protection from magic
 J - an uncursed ring of protection from fire
 X - a +4 ring of protection
Wands
 f - a wand of confusion (24/48)
 l - a wand of digging (3/24)
 s - a wand of confusion (48/48)
 t - a wand of iceblast (3/15)
 F - a wand of lightning (10/15)
 K - a wand of scattershot (4/9)
 L - a wand of polymorph (7/24)
 N - a wand of lightning (4/15)
 O - a wand of disintegration (24/24)
 Z - a wand of confusion (35/48)
Scrolls
 m - a scroll of identify
 A - 2 scrolls of teleportation
 B - 10 scrolls of remove curse
Potions
 e - 7 potions of might
 i - 3 potions of flight
 j - 6 potions of berserk rage
 k - 12 potions of curing
 n - 3 potions of ambrosia
 o - 2 potions of magic
 u - 6 potions of haste
 v - 5 potions of agility
 E - 4 potions of cancellation
 R - a potion of resistance
Books
 c - a book of Maledictions

   Spells                             Type                      Level
   a - Corona                         Hexes                        1
   b - Ensorcelled Hibernation        Hexes/Ice                    2
   c - Confuse                        Hexes                        3
   d - Tukima's Dance                 Hexes                        3
   e - Dazzling Spray                 Conjuration/Hexes            3
Miscellaneous
 M - a box of beasts
 T - a phantom mirror
Comestibles
 d - 15 bread rations
 x - 11 fruits
 z - a royal jelly


   Skills:
 + Level 7.3 Fighting
 - Level 6.2 Short Blades
 - Level 7.6 Bows
 - Level 4.0 Armour
 - Level 10.0 Dodging
 - Level 20.0 Stealth
 - Level 17.0 Spellcasting
 - Level 2.5 Conjurations
 - Level 17.1 Hexes
 - Level 2.0 Ice Magic
 - Level 2.1 Invocations
 - Level 3.3 Evocations


You had 21 spell levels left.
You knew the following spells:

 Your Spells              Type           Power        Failure   Level  Hunger
a - Corona                Hex            #######      0%          1    None
b - Ensorcelled Hibernat  Hex/Ice        ######       1%          2    None
c - Confuse               Hex            #######.     0%          3    None
d - Tukima's Dance        Hex            #######.     0%          3    None
e - Dazzling Spray        Conj/Hex       ######       1%          3    None
f - Invisibility          Hex            #######.     1%          6    ####...
g - Metabolic Englaciati  Hex/Ice        ######....   2%          5    None
h - Yara's Violent Unrav  Hex/Tmut       ######....   3%          5    None


Dungeon Overview and Level Annotations

Branches:
Dungeon (13/15)            Temple (1/1) D:6            Lair (6/6) D:10
 Shoals (4/4) Lair:2       Spider (2/4) Lair:3        Slime (0/5) Lair:6
    Orc (0/2) D:11
 Vaults: D:13-14

Altars:
Ashenzari
Cheibriados
Dithmenos
Elyvilon
Fedhas
Gozag
Hepliaklqana
Kikubaaqudgha
Makhleb
Nemelex Xobeh
Okawaru
Qazlal
Ru
Sif Muna
Trog
Uskayaw
Vehumet
Xom
Yredelemnul
Zin
The Shining One
Beogh
Jiyva

Shops:
D:4 [*}=   D:6 !   D:13 ?

Annotations:
Shoals:4 Ilsuiw
Spider:1 Kirke


Innate Abilities, Weirdness & Mutations

You are very small and have problems with some larger weapons.
You are too small for most types of armour.
You have supernaturally acute eyesight. (SInv)
You are a herbivore.
You cover ground extremely quickly.
You need consume almost no food.


Message History

Okay, then.
Okay, then.
You feel better.
The entropy weaver completely misses you.
The entropy weaver misses you. The entropy weaver hits you!
* * * LOW HITPOINT WARNING * * *
The entropy weaver barely misses you. The hog completely misses you.
The redback bites you!
* * * LOW HITPOINT WARNING * * *
The redback completely misses you. Kirke closely misses you.
The manticore completely misses you. The manticore misses you.
The manticore completely misses you. The hog closely misses you.
The entropy weaver completely misses you.
The entropy weaver hits you.
* * * LOW HITPOINT WARNING * * *
The entropy weaver hits you.
* * * LOW HITPOINT WARNING * * *
The entropy weaver misses you.
You feel better. The redback bites you!
You die...

..........^......................
..........†...............(......
.................................
.................................
....^.................††..†......
.........^.......................
.................................
...............ass.............†.
#...........^...@@H..............
...............Hhh.....h.........
###..........^...................
#...................s...........#
##.....#..#...#........#.........
#.....#####...##.......#.........
###...# #...####.).#..#.........
##.## ##### #########.......# ##
##....###


You could see Kirke, an entropy weaver, a demonic crawler (confused), 2
manticores, 3 hogs and 2 redbacks.

Vanquished Creatures
  The ghost of Megalobster the Executioner, an adept MiBe of Trog (Shoals:2)
  2 entropy weavers (Spider:1)
  The ghost of Exporg the Basher, a journeyman MiFi of Okawaru (D:11)
  A merfolk javelineer (Shoals:4)
  4 merfolk impalers
  A fire dragon (Lair:6)
  9 hydras
  A catoblepas (D:13)
  Erica (Lair:1)
  2 centaur warriors (D:12)
  3 merfolk aquamancers
  A merfolk avatar (Shoals:4)
  A two-headed ogre (D:10)
  2 satyrs (Shoals:3)
  Nergalle (Lair:1)
  2 unseen horrors
  8 sea snakes
  2 skeletal warriors (D:13)
  A swamp dragon (Lair:6)
  Pikel (D:4)
  A necromancer (Spider:1)
  12 wolf spider zombies (Spider:1)
  6 wolf spiders
  An oklob plant (Lair:4)
  19 fauns
  2 ugly things
  5 orb spiders
  The ghost of polve the Spear-Bearer, a novice MfSk of Yredelemnul (D:7)
  The ghost of polve the Spear-Bearer, a novice MfSk (D:5)
  5 manticores
  A cyclops (D:11)
  8 merfolk sirens
  3 elephants
  Joseph (Lair:1)
  21 spiny frogs
  A guardian serpent (Lair:6)
  9 black mambas
  2 demonic crawlers (Spider:2)
  A kobold demonologist (D:12)
  6 rime drakes
  8 komodo dragons
  An efreet (D:13)
  4 redback zombies (Spider:1)
  3 trolls
  3 wind drakes
  9 jumping spiders
  Prince Ribbit (D:8)
  A meliai (shapeshifter) (D:13)
  17 merfolk
  4 hornets
  6 polar bears
  6 snapping turtles
  7 tarantella zombies (Spider:1)
  9 hippogriffs
  2 slime creatures
  Grinder (D:7)
  6 dream sheep (Lair:6)
  10 blink frogs
  Sigmund (D:3)
  2 shadows (D:11)
  12 wyverns
  A tarantella (Spider:1)
  47 yaks
  A wraith (D:12)
  9 water elementals
  6 basilisks
  28 redbacks
  A hog (Spider:1)
  A steam dragon (Lair:6)
  3 wargs (D:10)
  8 swamp worms (Lair:4)
  3 acid dragons
  16 water moccasins
  11 porcupines
  5 sky beasts
  2 swamp drakes (Lair:6)
  11 ice beasts
  5 black bears
  3 orc warriors
  9 centaurs
  3 ogres
  22 wolves
  14 crocodiles
  5 big kobolds
  15 bullfrogs
  2 wyvern skeletons
  A scorpion (D:10)
  8 killer bees
  8 wights
  6 howler monkeys
  A bullfrog zombie (D:7)
  4 crimson imps
  Crazy Yiuf (D:4)
  A centaur zombie (D:11)
  A quasit (D:10)
  7 hounds
  8 jellies
  4 bullfrog skeletons
  12 orc priests
  2 centaur skeletons
  15 orc wizards
  Natasha (twice) (D:4)
  15 worker ants
  4 iguanas
  A howler monkey zombie (D:6)
  A howler monkey skeleton (D:7)
  14 adders
  7 gnolls (D:5)
  A river rat (D:4)
  3 shadow imps
  15 oozes
  15 worms
  4 dart slugs
  6 leopard geckos
  45 orcs
  5 bats
  6 giant cockroaches
  8 goblins
  9 hobgoblins
  16 jackals
  29 kobolds
  4 quokkas
  9 ball pythons
  8 frilled lizards
  9 rats
  3 fungi
  3 plants
816 creatures vanquished.

Vanquished Creatures (others)
  A howler monkey (D:4)
  Natasha (D:4)
  A worker ant (D:4)
  2 orcs (D:4)
  A giant cockroach (D:4)
  24 fungi
  71 plants
101 creatures vanquished.

Grand Total: 917 creatures vanquished

Notes
Turn   | Place    | Note
-------+----------+-------------------------------------------
     0 | D:1      | poirepourri the Spriggan Enchanter began the quest for the Orb.
     0 | D:1      | Reached XP level 1. HP: 9/9 MP: 5/5
    57 | D:1      | Reached skill level 5 in Stealth
    57 | D:1      | Reached XP level 2. HP: 9/13 MP: 6/6
   259 | D:1      | Learned a level 2 spell: Ensorcelled Hibernation
   748 | D:1      | Reached XP level 3. HP: 9/16 MP: 1/9
  1464 | D:1      | Learned a level 3 spell: Confuse
  1468 | D:1      | Learned a level 3 spell: Tukima's Dance
  1719 | D:2      | Reached XP level 4. HP: 21/21 MP: 3/11
  2287 | D:2      | Reached skill level 5 in Hexes
  3202 | D:3      | Noticed Sigmund
  3471 | D:3      | Reached skill level 1 in Evocations
  3679 | D:3      | Noticed a bullfrog
  3685 | D:3      | Reached XP level 5. HP: 23/24 MP: 12/12
  3980 | D:3      | Reached skill level 6 in Stealth
  4553 | D:3      | Killed Sigmund
  4553 | D:3      | Reached skill level 8 in Stealth
  4553 | D:3      | Reached XP level 6. HP: 28/28 MP: 8/13
  4968 | D:4      | Found a runed door.
  5029 | D:4      | Found a glowing drain.
  5042 | Sewer    | Entered a sewer
  5963 | D:4      | Noticed Pikel
  5963 | D:4      | Noticed a slave
  5963 | D:4      | Noticed a slave
  5963 | D:4      | Noticed a slave
  5964 | D:4      | Noticed a slave
  5976 | D:4      | Killed Pikel
  5976 | D:4      | Reached XP level 7. HP: 17/32 MP: 4/19
  6270 | D:4      | Found Sir Gehu's Armour Emporium.
  6564 | D:4      | Noticed Natasha
  6571 | D:4      | Killed Natasha
  6571 | D:4      | Reached XP level 8. HP: 36/36 MP: 18/21
  6596 | D:4      | Found Nuwud's Gadget Shop.
  6601 | D:4      | Found Goaron's General Store.
  6619 | D:4      | Bought a potion of curing for 42 gold pieces
  6652 | D:4      | Noticed a hippogriff
  6656 | D:4      | Killed a hippogriff
  6794 | D:4      | Killed Natasha
  6810 | D:4      | Found Vustronti's Jewellery Shop.
  6839 | D:4      | Bought a +2 ring of intelligence for 105 gold pieces
  6954 | D:4      | Noticed Natasha
  6957 | D:4      | Reached skill level 1 in Fighting
  7043 | D:4      | Killed Natasha
  7701 | D:4      | Noticed Crazy Yiuf
  7705 | D:4      | Killed Crazy Yiuf
  7705 | D:4      | Reached skill level 5 in Dodging
  7769 | D:5      | Entered Level 5 of the Dungeon
  7823 | D:5      | Noticed Grinder
  8421 | D:5      | Noticed polve's ghost (novice MfSk)
  8430 | D:5      | Killed polve's ghost
  8430 | D:5      | Reached XP level 9. HP: 42/42 MP: 15/22
  9322 | D:5      | Learned a level 3 spell: Dazzling Spray
 10097 | D:6      | Found Dafew's Distillery.
 10100 | D:6      | Bought 2 potions of heal wounds for 120 gold pieces
 10100 | D:6      | Bought a potion of heal wounds for 60 gold pieces
 10339 | D:6      | Found a staircase to the Ecumenical Temple.
 10356 | Temple   | Entered the Ecumenical Temple
 10385 | Temple   | Became a worshipper of Dithmenos the Shadowed
 10756 | D:6      | Got a twisted falchion
 11250 | D:6      | Identified the +5 falchion of Absolution {flame, +Fly rElec Int+3 Stlth+} (You found it on level 6 of the Dungeon)
 11319 | D:7      | Killed Grinder
 11453 | D:7      | Noticed polve's ghost (novice MfSk)
 11483 | D:7      | Killed polve's ghost
 11483 | D:7      | Reached skill level 10 in Hexes
 11578 | D:7      | Reached skill level 1 in Conjurations
 12021 | D:8      | Reached * piety under Dithmenos
 12211 | D:8      | Reached XP level 10. HP: 46/46 MP: 23/23
 12300 | D:8      | Noticed Prince Ribbit
 12315 | D:8      | Killed Prince Ribbit
 12757 | D:8      | Reached skill level 10 in Spellcasting
 13708 | D:9      | Reached ** piety under Dithmenos
 14529 | D:10     | Entered Level 10 of the Dungeon
 15163 | D:10     | Noticed a two-headed ogre
 15180 | D:10     | Killed a two-headed ogre
 15180 | D:10     | Reached XP level 11. HP: 50/50 MP: 23/28
 15246 | D:10     | Noticed an unseen horror
 15260 | D:10     | Killed an unseen horror
 15260 | D:10     | Reached skill level 9 in Stealth
 15406 | D:10     | Reached *** piety under Dithmenos
 15406 | D:10     | Reached skill level 10 in Stealth
 15849 | D:10     | Found a staircase to the Lair.
 16079 | D:11     | Found a staircase to the Orcish Mines.
 16109 | D:11     | Found a roughly hewn altar of Beogh.
 16151 | D:11     | Reached skill level 11 in Stealth
 16232 | D:11     | Found a frozen archway.
 16302 | D:11     | Reached skill level 12 in Stealth
 16336 | IceCv    | Entered an ice cave
 16462 | D:11     | Noticed a brown ugly thing
 16466 | D:11     | Killed a brown ugly thing
 16701 | D:11     | Reached **** piety under Dithmenos
 16701 | D:11     | Reached skill level 13 in Stealth
 16881 | D:11     | Noticed Exporg's ghost (journeyman MiFi)
 16953 | D:11     | Killed Exporg's ghost
 16953 | D:11     | Reached skill level 5 in Short Blades
 17259 | D:11     | Reached skill level 1 in Armour
 17879 | Lair:1   | Entered Level 1 of the Lair of Beasts
 17905 | Lair:1   | Noticed Nergalle
 17913 | Lair:1   | Killed Nergalle
 17919 | Lair:1   | Reached skill level 10 in Dodging
 17985 | Lair:1   | Learned a level 6 spell: Invisibility
 18075 | Lair:1   | Noticed Joseph
 18079 | Lair:1   | Killed Joseph
 18099 | Lair:1   | Reached XP level 12. HP: 32/54 MP: 21/29
 18160 | Lair:1   | Reached skill level 14 in Stealth
 18627 | Lair:1   | Noticed a seven-headed hydra
 18639 | Lair:1   | Killed a seven-headed hydra
 18647 | Lair:1   | Noticed Erica
 18650 | Lair:1   | Killed Erica
 19528 | Lair:2   | Found a staircase to the Shoals.
 19754 | Lair:2   | Reached ***** piety under Dithmenos
 19865 | Lair:2   | Reached skill level 15 in Spellcasting
 21019 | Lair:3   | You fall through a shaft for 2 floors!
 21061 | Lair:4   | Noticed a five-headed hydra
 21066 | Lair:4   | Killed a five-headed hydra
 21140 | Lair:4   | Identified Won Ytiu's Catalogue of the Destructive Entourage
 21413 | Lair:3   | Reached XP level 13. HP: 23/58 MP: 29/33
 21422 | Lair:3   | Got a faintly glowing shortbow
 21758 | Lair:3   | Found a hole to the Spider Nest.
 21917 | Lair:3   | Reached skill level 15 in Stealth
 22536 | Lair:4   | Reached skill level 16 in Stealth
 22813 | Lair:4   | Identified the +1 shortbow of Hiozys {speed, rElec rF+ rC+ Stlth+} (You found it on level 3 of the Lair of Beasts)
 24351 | Lair:5   | Found a deep blue altar of Sif Muna.
 24687 | Lair:6   | Entered Level 6 of the Lair of Beasts
 24898 | Lair:6   | Reached ****** piety under Dithmenos
 24982 | Lair:6   | Reached skill level 15 in Hexes
 25738 | Lair:5   | Reached XP level 14. HP: 63/63 MP: 29/34
 26165 | Lair:6   | Identified a scroll of acquirement
 26341 | Lair:6   | Found a viscous altar of Jiyva.
 26342 | Lair:6   | Found a staircase to the Slime Pits.
 27518 | Lair:6   | Got a smoking rapier
 27548 | Lair:6   | Identified the cursed +2 rapier "Nuyrabal" {drain, *Slow Int+8} (You found it on level 6 of the Lair of Beasts)
 28288 | D:10     | Learned a level 5 spell: Metabolic Englaciation
 28294 | D:10     | Learned a level 5 spell: Yara's Violent Unravelling
 28850 | D:12     | Reached skill level 1 in Bows
 29356 | D:13     | Reached skill level 5 in Bows
 29468 | D:13     | Found Zafosch's Magic Scroll Shoppe.
 29623 | D:13     | Found a stormy altar of Qazlal.
 30063 | Shoals:1 | Entered Level 1 of the Shoals
 30224 | Shoals:1 | Reached skill level 17 in Stealth
 30646 | Shoals:1 | Reached XP level 15. HP: 53/66 MP: 9/37
 30731 | Shoals:1 | Reached skill level 18 in Stealth
 31342 | Shoals:2 | Reached skill level 19 in Stealth
 31756 | Shoals:2 | Noticed Megalobster's ghost (adept MiBe)
 31878 | Shoals:2 | Killed Megalobster's ghost
 32186 | Shoals:3 | Reached skill level 20 in Stealth
 32649 | Shoals:3 | HP: 1/66 [satyr/arrow (33)]
 32807 | Shoals:4 | Entered Level 4 of the Shoals
 32867 | Shoals:3 | Reached skill level 1 in Ice Magic
 33053 | Shoals:4 | Noticed Ilsuiw
 33455 | Spider:1 | Entered Level 1 of the Spider Nest
 34145 | Spider:2 | Reached skill level 5 in Fighting
 34187 | Spider:2 | Reached XP level 16. HP: 76/76 MP: 27/38
 35328 | Spider:1 | Noticed Kirke
 35572 | Spider:1 | HP: 3/80 [entropy weaver (2)]
 35573 | Spider:1 | Slain by a redback

Skill      XL: |  1  2  3  4  5  6  7  8  9 10 11 12 13 14 15 16 |
---------------+-------------------------------------------------+-----
Stealth        | 5 8 13 14 16 17 20 | 20.0
Spellcasting   | 3 4 8 12 15 17 | 17.0
Hexes          | 4 5 10 12 15 16 17 | 17.1
Short Blades   | 2 4 5 6 |  6.2
Evocations     | 1 3 |  3.3
Fighting       | 2 5 7 |  7.3
Dodging        | 8 10 | 10.0
Conjurations   | 2 |  2.5
Invocations    | 2 |  2.1
Armour         | 2 4 |  4.0
Bows           | 5 7 |  7.6
Ice Magic      | 2 |  2.0

Action                   |  1- 3 |  4- 6 |  7- 9 | 10-12 | 13-15 | 16-18 || total
-------------------------+-------+-------+-------+-------+-------+-------++-------
Melee: Dagger            |    88 |   191 |   178 |   511 |   474 |       ||  1442
       Rapier            |       |       |       |       |   399 |    57 ||   456
 Fire: Shortbow          |       |       |       |       |    22 |       ||    22
 Cast: Ensorcelled Hiber |    24 |    86 |    85 |   174 |   336 |    47 ||   752
       Confuse           |       |     1 |    41 |    62 |   167 |     7 ||   278
       Dazzling Spray    |       |       |     4 |    42 |    90 |     9 ||   145
       Invisibility      |       |       |       |       |       |     2 ||     2
Invok: Shadow Step       |       |       |       |     1 |    15 |     4 ||    20
  Use: Scroll            |     5 |     5 |    13 |    22 |    28 |     5 ||    78
       Potion            |       |       |     1 |     1 |    15 |     3 ||    20
 Stab: Sleeping          |    23 |    46 |    49 |   137 |   218 |    37 ||   510
       Distracted        |     1 |       |     1 |     1 |     4 |       ||     7
       Confused          |       |     2 |    21 |    33 |    92 |     1 ||   149
       Invisible         |       |       |       |     1 |     9 |       ||    10
       Held in net/web   |       |       |       |       |     6 |       ||     6
  Eat: Fruit             |       |     4 |       |     2 |     3 |       ||     9
       Royal jelly       |       |     1 |     2 |     2 |     5 |       ||    10
       Bread ration      |       |     1 |       |       |       |       ||     1
Armor: Robe              |     7 |    21 |    13 |     2 |       |       ||    43
       Troll leather arm |       |       |       |    24 |    70 |     6 ||   100
Dodge: Dodged            |    73 |   141 |   124 |   375 |   851 |   163 ||  1727
